[Event "MCR rapid mládeže 2023 U16"]
[Site "Harachov, Czech Republic"]
[Date "2023.09.09"]
[Round "3.6"]
[White "Setina, Vaclav"]
[Black "Topencik, Bruno"]
[Result "0-1"]
[TimeControl "20min+5s/move"]
[WhiteElo "1876"]
[BlackElo "1451"]

1. e4 e6 2. d4 d5 3. e5 c5 4. c3 Nc6 5. Nf3 Nge7 6. Na3 cxd4 7. cxd4 Nf5 8. Nc2 Nb4 9. Nxb4 Bxb4+ 10. Bd2 Bxd2+ 11. Qxd2 Bd7 12. Bd3 Ne7 13. O-O Rc8 14. Rac1 Ng6 15. Rxc8 Bxc8 16. Rc1 Bd7 17. Qb4 Bc6 18. Bb5 Ne7 19.
Bxc6+ bxc6 20. Qa3 Qd7 21. Qd6 Qb7 22. b4 O-O 23. Qc5 Rc8 24. a3 h6 25. g3 a6 26. Kg2 Nf5 27. Nd2 Qb5 28.
Qxb5 axb5 29. Nb3 Kf8 30. g4 Ne7 31. Na5 Rc7 32. Rc3 Ke8 33. h4 Kd7 34. Rf3 Ke8 35. Rc3 Kd7 36. f4 g6 37. Rg3 Rc8 38. Nb7 Rf8 39.
Nd6 Nc8 40. Nxc8 Rxc8 41. h5 Ke7 42. Rh3 Rh8 43. g5 hxg5 44. hxg6 Rg8 45. gxf7 Kxf7 46. f5 exf5 47. Rh6 Rg6 48.
Rh7+ Rg7 49. Rh8 Rg8 50. e6+ Kg7 51. Rh1 Re8 52. Re1 Kf6 53. Kf3 Rxe6 54. Rh1 Kg7 55. Rc1 Kg6 56. Rc2 g4+ 57. Kg3 Kg5 58. Rf2 f4+ 59. Kg2 g3 60. Rf1 Kg4 61. Rh1 f3+ 0-1

[Event "MCR rapid mládeže 2023 U16"]
[Site "Harachov, Czech Republic"]
[Date "2023.09.09"]
[Round "3.7"]
[White "Novotny, Dominik"]
[Black "Sotek, Simon"]
[Result "1/2-1/2"]
[TimeControl "20min+5s/move"]
[WhiteElo "1707"]
[BlackElo "1526"]

1. e4 d5 2. exd5 Nf6 3.
Bb5+ Bd7 4. Be2 Nxd5 5. Nc3 Bc6 6. Nxd5 Bxd5 7. Bf3 e5 8. d3 Nc6 9. Be3 Be7 10. Bxd5 Qxd5 11. Qf3 Qb5 12.
O-O-O Bf6 13. Ne2 O-O 14. Nc3 Qa5 15. Qd5 Rad8 16. Qxa5 Nxa5 17. Nb5 a6 18. Nxc7 Rd7 19. Bb6 Nc6 20.
c4 Nb4 21. Bc5 Nxd3+ 22. Rxd3 Rxd3 23. Bxf8 Kxf8 24. Rd1 Rxd1+ 25. Kxd1 e4 26. Ke2 Bxb2 27. Ke3 Be5 28. Nd5 f5 29.
h3 Ke8 30. g4 g6 31. gxf5 gxf5 32. f3 exf3 33. Kxf3 Kd7 34. Ne3 f4 35. Nd5 Kd6 36. Nxf4 Bxf4 37. Kxf4 Kc5 38. Kg5 Kxc4 39. Kh6 a5 40. Kxh7 a4 41. h4 b5 42. h5 b4 43. h6 b3 44. axb3+ axb3 45. Kg8 b2 46. h7 b1=Q 47.
h8=Q 1/2-1/2

[Event "MCR rapid mládeže 2023 U16"]
[Site "Harachov, Czech Republic"]
[Date "2023.09.09"]
[Round "3.8"]
[White "Jasso, Matej"]
[Black "Soucek, Andrej"]
[Result "1-0"]
[TimeControl "20min+5s/move"]
[WhiteElo "1794"]
[BlackElo "1589"]

1. e4 c5 2. Nf3 Nc6 3. d4 cxd4 4. Nxd4 Nf6 5. Nc3 e5 6. Ndb5 d6 7. Bg5 a6 8. Na3 b5 9. Nd5 Be7 10.
Bxf6 Bxf6 11. c3 Bg5 12. h4 Bh6 13. Nc2 Rb8 14. g4 Bf4 15. Qf3 g5 16. hxg5 Qxg5 17. Be2 Be6 18. Rh5 Qg6 19.
Nxf4 exf4 20. Qxf4 Ne5 21. Rg5 Qxg5 22. Qxg5 Bc4 23. Nd4 Ra8 1-0

[Event "MCR rapid mládeže 2023 U16"]
[Site "Harachov, Czech Republic"]
[Date "2023.09.09"]
[Round "3.9"]
[White "Dorazilova, Kristyna"]
[Black "Horkova, Tereza"]
[Result "0-1"]
[TimeControl "20min+5s/move"]
[WhiteElo "1517"]
[BlackElo "1720"]

1. e4 c5 2. Nc3 e6 3. g3 d5 4.
d3 d4 5.
Nce2 Bd6 6. Bg2 e5 7. f4 f6 8. Nf3 Ne7 9. O-O Nbc6 10. f5 Bd7 11. c3 Qc8 12. Nh4 Qc7 13. Bd2 O-O-O 14. cxd4 cxd4 15. Rc1 Qb6 16. Qc2 Kb8 17. b3 Rdf8 18. Ra1 Ba3 19. Bc1 Nb4 20. Qd2 Qa5 21. Bxa3 Qxa3 22. Nf3 Bb5 23.
Ne1 Rc8 24. Bh3 Rc7 25. g4 h6 26. Bg2 Rhc8 27. h4 Nc2 28. Rc1 Qxa2 29. Nxc2 Rxc2 30. Rxc2 Qxc2 31. Qb4 Qxe2 32. Qxe7 Qxg4 33. Qb4 Bxd3 34. Ra1 Bxe4 35.
Qd6+ Ka8 36. Ra2 Bxg2 37. Rxg2 Qd1+ 38. Kh2 Qxb3 39. Qd7 Qc4 40. Qxg7 d3 41. Qxf6 Qc3 42. Qxh6 e4 43. Qe3 Qe5+ 44. Kh3 Qxf5+ 45. Kh2 Qe5+ 46. Rg3 Rg8 47. Kh3 Rxg3+ 48. Qxg3 Qxg3+ 49. Kxg3 d2 50. h5 d1=Q 51. h6 Qh5 52. Kf4 Qxh6+ 53. Kxe4 a5 54. Kd4 b5 55.
Kc3 a4 56. Kb4 Qb6 57. Ka3 Qc5+ 58. Kb2 b4 59. Ka2 Qc4+ 60.
Kb2 a3+ 61. Ka1 Qc3+ 62. Kb1 Qb2# 0-1

[Event "MCR rapid mládeže 2023 U16"]
[Site "Harachov, Czech Republic"]
[Date "2023.09.09"]
[Round "3.10"]
[White "Kammova, Katerina"]
[Black "Barteckova, Valerie"]
[Result "0-1"]
[TimeControl "20min+5s/move"]
[WhiteElo "1393"]
[BlackElo "1498"]

1. e4 e6 2. d4 d5 3. exd5 exd5 4. c4 Nf6 5. Nc3 Nc6 6. Be3 Bf5 7. Nf3 Be7 8. Be2 O-O 9. O-O Re8 10.
b3 Ba3 11. Bc1 Bb4 12. Bb2 Bg4 13. a3 Bxc3 14. Bxc3 Ne4 15. Bb2 Nf6 16. c5 Re7 17. h3 Bh5 18. Re1 Qe8 19. Ne5 Bxe2 20.
Rxe2 Nxe5 21. dxe5 Nd7 22. Qxd5 c6 23. Qd4 Rd8 24. Qc3 Nf8 25. Rae1 Ne6 26. b4 Red7 27. Re3 Qf8 28. Bc1 Nf4 29.
Bb2 Nd5 30. Qc2 Nxe3 31. Rxe3 Rd1+ 32. Kh2 R8d2 33. Qc3 Rxf2 34. Bc1 Rff1 35. Bb2 Qb8 36. Rd3 Rxd3 37. Qxd3 Rf2 38. Bd4 Qd8 39. Kg3 Ra2 40. Qb3 Qd5 41.
Qxd5 cxd5 42. Kf3 Rxa3+ 43. Kf4 Rb3 44. c6 bxc6 45. Bxa7 Rxb4+ 46. Ke3 Re4+ 47. Kf3 Rxe5 0-1

[Event "MCR rapid mládeže 2023 U16"]
[Site "Harachov, Czech Republic"]
[Date "2023.09.09"]
[Round "3.11"]
[White "Slivova, Linda"]
[Black "Kaplanova, Dominika"]
[Result "1-0"]
[TimeControl "20min+5s/move"]
[WhiteElo "1386"]
[BlackElo "1461"]

1. e4 c6 2. d3 d5 3. Nd2 dxe4 4. dxe4 Nd7 5. Ngf3 Qc7 6. Bc4 Ngf6 7. O-O e6 8. Re1 Bc5 9. Nb3 Bb6 10.
Be3 Bxe3 11. Rxe3 Ng4 12. Re1 O-O 13. h3 Nge5 14. Nbd2 b6 15. Bb3 c5 16. Nxe5 Nxe5 17. c3 Rd8 18.
Re3 Nd3 19. Qc2 Ba6 20. Bc4 Bxc4 21. Nxc4 Nf4 22. Rd1 Rxd1+ 23. Qxd1 Rd8 24. Qc2 Qd7 25. Ne5 Qd6 26. Nc4 Qd1+ 27. Qxd1 Rxd1+ 28. Kh2 Rd3 29. Re1 f6 30. g3 Ng6 31. Re2 e5 32.
Ne3 Ne7 33. Kg2 g6 34. Ng4 Kf7 35. Re3 Rd2 36.
Rf3 f5 37. exf5 gxf5 38. Nxe5+ Ke6 39. Nc4 1-0

[Event "MCR rapid mládeže 2023 U16"]
[Site "Harachov, Czech Republic"]
[Date "2023.09.09"]
[Round "3.12"]
[White "Nguyen, Nhat Minh Thu"]
[Black "Mikesova, Lenka"]
[Result "0-1"]
[TimeControl "20min+5s/move"]
[WhiteElo "1405"]
[BlackElo "1410"]

1. e4 e5 2. Bc4 Nf6 3. d3 Nc6 4.
Nc3 Bb4 5. Bd2 O-O 6. a3 Bc5 7. Nf3 d6 8. h3 Be6 9. Ba2 Bxa2 10. Rxa2 d5 11. Bg5 dxe4 12. Bxf6 Qxf6 13. Nxe4 Qe6 14. Ra1 Bb6 15. O-O Rad8 16. Qe2 Nd4 17.
Nxd4 exd4 18. Rfe1 Rfe8 19. Ng3 Qxe2 20. Rxe2 Rxe2 21. Nxe2 Re8 22. Re1 c5 23. Kf1 Bc7 24. c3 dxc3 25. Nxc3 Kf8 26. Rxe8+ Kxe8 27. Ke2 Kd7 28. Ke3 Ke6 29. f3 f5 30.
Ne2 b5 31. b3 a5 32. d4 b4 33. a4 Kd5 34. dxc5 Kxc5 35. Nd4 Bf4+ 36. Kd3 Kd5 37. Nxf5 g6 38. Ne3+ Kc5 39. Nf1 Kd5 40.
g3 Bc7 41. Ne3+ Ke6 42. g4 h5 43. Nc4 hxg4 44. hxg4 Kf6 45.
Ke4 Kg5 46. Ne3 Bb8 47. Nc4 Bc7 48. Ne5 Kf6 49. Nd7+ Kg5 50. Nc5 Kh4 51. Ne6 Bd6 52. g5 Kg3 53. f4 Kg4 54. Nd4 Bxf4 55.
Nc6 Bc7 56. Ne7 Kxg5 57. Nd5 Bd8 58. Kf3 Kh4 59. Ne3 g5 60. Ng2+ Kh3 61. Ne3 Bb6 62. Ng4 Bc5 63. Ne5 Bd4 64.
Ng4 Bc3 65. Nf2 Kh2 66. Ng4+ Kg1 67. Ne3 Bd4 68. Ng4 Kf1 69. Ke4 Bb6 70. Kf3 Ke1 71. Ke4 Kd2 72. Nf6 Kc2 73. Nd5 Bd8 74. Ke3 Kxb3 75. Kd3 Ka3 76. Ne3 b3 77. Nc4+ Kb4 78. Nb2 g4 79. Nd1 Kxa4 80. Nc3+ Kb4 81. Nd5+ Kc5 82. Ne3 g3 83.
Kc3 a4 84. Ng2 Kd6 85. Kb2 Ke5 86. Ne1 Ke4 87. Kc3 Ba5+ 88. Kb2 0-1

[Event "MCR rapid mládeže 2023 U16"]
[Site "Harachov, Czech Republic"]
[Date "2023.09.09"]
[Round "3.13"]
[White "Bartova, Hana"]
[Black "Kubatova, Beta"]
[Result "1/2-1/2"]
[TimeControl "20min+5s/move"]
[WhiteElo "1389"]
[BlackElo "1376"]

1. e4 c6 2. d4 d5 3. exd5 cxd5 4. Nf3 Bg4 5. Bd3 Nc6 6. c3 Nf6 7. h3 Bh5 8. Bf4 e6 9. Nbd2 Bd6 10.
Bxd6 Qxd6 11. O-O O-O 12. Qc2 Bg6 13. Rae1 Bxd3 14. Qxd3 Qc7 15. Ne5 Nxe5 16. Rxe5 Rac8 17. Rfe1 Qb6 18.
b3 Qa5 19. Rc1 Qxa2 20. Rc2 Qa1+ 21. Kh2 Qa5 22. g4 Qc7 23. Kg2 Nd7 24. Re3 Rfe8 25. Nf3 Nf6 26. Ne5 Qe7 27. Rf3 Rf8 28.
Re3 Ne4 29. f3 Nf6 30. Kg3 Qd6 31. Kg2 Qe7 32. Kg3 1/2-1/2

[Event "MCR rapid mládeže 2023 U16"]
[Site "Harachov, Czech Republic"]
[Date "2023.09.09"]
[Round "3.14"]
[White "Buchtova, Viktorie"]
[Black "Urvalkova, Ema"]
[Result "1-0"]
[TimeControl "20min+5s/move"]
[WhiteElo "1556"]
[BlackElo "1072"]

1. e4 c5 2. Nf3 Nc6 3. d4 cxd4 4. Nxd4 g6 5. Nc3 Bg7 6.
Be3 Nf6 7. Bc4 O-O 8. Bb3 Qa5 9. f3 d6 10. Qd2 Bd7 11. O-O-O Rac8 12. h4 Nxd4 13. Bxd4 a6 14. h5 Nxh5 15.
Bxg7 Nxg7 16. Qh6 Nh5 17. g4 Rc5 18. gxh5 Rxh5 19. Rxh5 Qxh5 20. Qxh5 gxh5 21. Rh1 Kh8 22. Rxh5 b5 23.
Nd5 Re8 24. Nc7 Rg8 25. Nxa6 Rg3 26. Nb8 Be6 27. Bxe6 fxe6 28. Rh6 e5 29. Nc6 Rxf3 30. Nxe7 Re3 31. Rh4 b4 32. Nd5 Rg3 33.
Nxb4 Kg7 34. a4 h6 35. a5 Kg6 36. a6 Kg5 37. Rh1 Kf4 38. Nd5+ Kxe4 39. a7 Rg8 40. Nf6+ 1-0

[Event "MCR rapid mládeže 2023 U16"]
[Site "Harachov, Czech Republic"]
[Date "2023.09.09"]
[Round "3.15"]
[White "Mik, Tomas"]
[Black "Chernyy, Andrey"]
[Result "1-0"]
[TimeControl "20min+5s/move"]
[WhiteElo "1802"]
[BlackElo "1582"]

1. e4 e5 2. Nf3 Nc6 3. Nc3 Nf6 4. Bb5 Bb4 5. O-O O-O 6. d3 d6 7. Bg5 Bxc3 8. bxc3 a6 9. Ba4 h6 10.
Bd2 b5 11. Bb3 Be6 12. Re1 Ne7 13. Nh4 Bxb3 14. axb3 c5 15. Qf3 Qd7 16. Bxh6 Ng6 17. Bg5 Nh7 18. Qh5 Nxh4 19. Bxh4 Rfe8 20.
Re3 Re6 21. Rg3 Kh8 22. Qg4 g6 23. Rh3 Kg8 24. Bg5 f6 25. Rxh7 Kxh7 26. Bxf6 g5 27. Qh5+ Kg8 28. Qh8+ Kf7 29.
Qg7+ Ke8 30. Qg8# 1-0

[Event "MCR rapid mládeže 2023 U16"]
[Site "Harachov, Czech Republic"]
[Date "2023.09.09"]
[Round "3.16"]
[White "Bara, Jan"]
[Black "Svadlenka, Michal"]
[Result "1-0"]
[TimeControl "20min+5s/move"]
[WhiteElo "1823"]
[BlackElo "1451"]

1. d4 Nf6 2. c4 g6 3. Nc3 Bg7 4. e4 d6 5. f4 O-O 6. Nf3 Nbd7 7. Be2 b6 8. O-O Bb7 9. Qc2 Re8 10.
e5 dxe5 11. fxe5 Ng4 12. Ng5 Nh6 13. g4 c5 14. Nd5 cxd4 15. e6 Nf6 16. exf7+ Nxf7 17. Nxf7 Kxf7 18. g5 Bxd5 19. cxd5 Rc8 20. Qb3 Kg8 21. gxf6 exf6 22.
Bb5 Re4 23. d6+ Kh8 24. d7 Rc5 25. Qf3 f5 26.
a4 a6 27. b4 Rc3 28. Qxc3 dxc3 29. Bc6 Rg4+ 30. Kh1 Rc4 31. b5 c2 32. Ra3 a5 33. Re3 Bf8 34. Re8 Qh4 35. Rxf8+ Kg7 36. d8=Q Qh3 37. Qf6# Kh6 38.
Be4+ Kg7 39. Bc6# Kh6 40.
Bg2+ Qh4 41. Bc6+ Kg7 42. Qd8 Qh3 43. Qf6# Kh6 44. Bg2+ Kg7 45. Bc6# Kh6 1-0

[Event "MCR rapid mládeže 2023 U16"]
[Site "Harachov, Czech Republic"]
[Date "2023.09.09"]
[Round "3.17"]
[White "Tejnor, Martin"]
[Black "Mydlar, Matej"]
[Result "0-1"]
[TimeControl "20min+5s/move"]
[WhiteElo "1434"]
[BlackElo "1711"]

1. e4 c5 2. Nf3 d6 3. d4 cxd4 4. Nxd4 Nf6 5. Nc3 Nc6 6. Bg5 e6 7. Be2 Be7 8. Be3 e5 9. Nb3 Be6 10. O-O O-O 11. f3 a5 12. a4 Nb4 13.
Nb5 Rc8 14. Rc1 d5 15. exd5 Nbxd5 16. Bf2 Nf4 17. Nc3 Qxd1 18. Rfxd1 Rxc3 19. bxc3 Nxe2+ 20. Kf1 Nxc1 21. Rxc1 Bxb3 22. cxb3 Rc8 23. Ke2 h5 24. Bb6 Bd8 25. Be3 Nd5 26.
Bd2 Bb6 27. c4 Nf4+ 28. Kf1 Ne6 29. Re1 f6 30. Bc3 Nd4 31. Rb1 Nc6 32. Ke2 Nb4 33. Rd1 Rd8 34. Rc1 Na2 35. Rc2 Nxc3+ 36. Rxc3 Bc5 37. Rc1 Bb4 38. Rb1 Rd2+ 39. Kf1 b6 40. h3 Kf7 41. Kg1 Ke6 42. Kh2 h4 43. Rc1 g5 44. Rb1 Kf5 45. Re1 Rb2 46. Re3 Bc5 47. Rd3 Bf2 48.
Rd1 Bg3+ 49. Kg1 Rxb3 0-1

[Event "MCR rapid mládeže 2023 U16"]
[Site "Harachov, Czech Republic"]
[Date "2023.09.09"]
[Round "3.18"]
[White "Frantsev, Iegor"]
[Black "Kozdon, Marek"]
[Result "1/2-1/2"]
[TimeControl "20min+5s/move"]
[WhiteElo "1431"]
[BlackElo "1548"]

1. d4 Nf6 2. Nf3 e6 3. Bg5 Be7 4. e3 b6 5. Nbd2 Bb7 6. c3 d5 7. Bd3 Nbd7 8. O-O O-O 9. Re1 Ne4 10.
Bxe7 Qxe7 11. h3 Rac8 12. Nh2 Qh4 13. Qe2 Ndf6 14. Nxe4 Nxe4 15. Bxe4 dxe4 16. Qg4 Qxg4 17. Nxg4 Rfd8 18.
Rad1 f6 19. Nh2 Bd5 20. Ra1 Kf7 21. Rac1 b5 22. a3 Rd6 23. Nf1 Rc6 24. Nd2 Rb8 25. f3 exf3 26. gxf3 Rd6 27. e4 Ba8 28.
Kf2 c5 29. Nb3 c4 30. Nd2 Rd7 31. Nf1 a5 32. Ng3 g6 33. e5 fxe5 34. Rxe5 Rd5 35. Rce1 Rxe5 36. Rxe5 Bd5 37. Ne4 Bxe4 38.
fxe4 Kf6 39. Rc5 Rb7 40. Kf3 g5 41. Rc6 h5 42. Ra6 a4 43. Rc6 Rb8 44. d5 Re8 45. Rb6 Ke5 46. dxe6 Rxe6 47.
Rxb5+ Kf6 48. Rf5+ Kg6 49. Rc5 Rb6 50. Rxc4 Rxb2 51. Rxa4 Rb3 52. Ra6+ Kg7 53. Rc6 Rxa3 54. Kg3 Ra4 55.
Re6 Rc4 56. Kg2 Rxc3 57. Re5 Kf6 58. Rf5+ Kg6 59. Rd5 Re3 60. Re5 Kf6 61. Rf5+ Kg6 62. Re5 Kf6 1/2-1/2

[Event "MCR rapid mládeže 2023 U16"]
[Site "Harachov, Czech Republic"]
[Date "2023.09.09"]
[Round "3.19"]
[White "Boff, Ondrej"]
[Black "Walder, Hugo"]
[Result "1/2-1/2"]
[TimeControl "20min+5s/move"]
[WhiteElo "1486"]
[BlackElo "1403"]

1. e4 e5 2. Nc3 Nc6 3. f4 d6 4. Nf3 Nf6 5. Bb5 Bg4 6. O-O Be7 7. d3 O-O 8. Bxc6 bxc6 9. h3 Bxf3 10.
Qxf3 exf4 11. Bxf4 d5 12. e5 Bc5+ 13. Kh1 Nd7 14. Ne2 Rb8 15. d4 Be7 16. Rab1 Nb6 17. Be3 Nc4 18. b3 Nxe3 19.
Qxe3 Bg5 20. Qc3 Qd7 21. Nf4 g6 22. Rbe1 Rfe8 23. Qg3 Bxf4 24. Rxf4 Re6 25. Ref1 Rf8 26. h4 c5 27. Rd1 cxd4 28.
Rfxd4 c6 29. c4 Rd8 30. Qf4 Qb7 31. g3 Rde8 32. cxd5 cxd5 33. Kh2 Rxe5 34. Rb4 Re2+ 35. Kg1 Qc6 36.
Rf1 Qe6 37. Rd4 Rxa2 38. Qf3 Qe3+ 39. Qxe3 Rxe3 40. Rxd5 Rxg3+ 41. Kh1 Rh3+ 42. Kg1 Rhh2 43. Rf3 Rxh4 44. Rd8+ Kg7 45. Rd7 Rg4+ 46.
Kh1 Rh4+ 47. Kg1 Re4 48. Rfxf7+ Kh6 49. Rxh7+ Kg5 50. Rd1 Rg4+ 51. Kf1 Rg3 52. Rhd7 Rxb3 53. R7d6 Rf3+ 54. Kg1 Rf5 55.
Rc6 Ra4 56. Rdd6 Rg4+ 57. Kh2 Kh6 58. Kh3 Rfg5 59. Ra6 Rg3+ 60. Kh2 R3g4 61. Kh3 Rg1 62. Kh2 R5g2+ 63. Kh3 Rg5 64. Kh2 Re1 65. Rxa7 Re4 66. Kh3 Re1 67. Kh2 Rh5+ 68.
Kg3 Rg1+ 69. Kf2 Rgg5 70. Raa6 Rf5+ 71. Ke3 Rhg5 72. Ke4 Rg4+ 73. Ke3 Kh5 74. Ke2 Rfg5 75. Rd8 Rg2+ 76. Kf3 R2g3+ 77. Kf2 Kg4 78. Rd4+ Kh5 79.
Rdd6 R3g4 80. Kf3 Rf5+ 81. Ke3 Rgg5 82. Kf2 1/2-1/2

[Event "MCR rapid mládeže 2023 U16"]
[Site "Harachov, Czech Republic"]
[Date "2023.09.09"]
[Round "3.20"]
[White "Zimovcak, Krystof"]
[Black "Artamonov, Mikhail"]
[Result "1-0"]
[TimeControl "20min+5s/move"]
[WhiteElo "1325"]
[BlackElo "1486"]

1. e4 e6 2. Nc3 d5 3. exd5 exd5 4. d4 Nf6 5. Nf3 Bg4 6. Be2 Bb4 7. O-O O-O 8. a3 Bd6 9. Bg5 c6 10.
Re1 Bc7 11. Bh4 Nbd7 12. Ne5 Bxe2 13. Rxe2 Re8 14. Nxd7 Qxd7 15. Bxf6 gxf6 16. Re3 Rxe3 17. fxe3 Qe6 18. Qf3 Re8 19.
Re1 Kh8 20. Nd1 f5 21. Rf1 Qh6 22. h3 Qd6 23. Qxf5 Qh2+ 24. Kf2 Qg3+ 25. Ke2 Qxg2+ 26. Rf2 Qg6 27. Qxg6 fxg6 28. Rf7 Rc8 29.
Nf2 Kg8 30. Rd7 h5 31. e4 Bb6 32. c3 dxe4 33. Nxe4 Rc7 34. Nf6+ Kf8 35. Kf3 Rxd7 36. Nxd7+ Kf7 37. Nxb6 axb6 38.
Kf4 Kf6 39. h4 b5 40. b3 Kf7 41. c4 bxc4 42.
bxc4 b6 43. d5 cxd5 44. cxd5 b5
45. Kg5 Ke7 46. Kxg6 Kd6
47. Kxh5 Kxd5 48. Kg5 1-0

[Event "MCR rapid mládeže 2023 U16"]
[Site "Harachov, Czech Republic"]
[Date "2023.09.09"]
[Round "3.21"]
[White "Honcharov, Makar"]
[Black "Sotek, Matej"]
[Result "1-0"]
[TimeControl "20min+5s/move"]
[WhiteElo "1593"]
[BlackElo "1410"]

1. e4 d5 2. exd5 Nf6 3. d4 Nxd5 4.
c4 Nf6 5. Nc3 Bf5 6. Be3 e6 7. Be2 c6 8. Nf3 Be7 9.
Qb3 Qb6 10. Ne5 Nbd7 11. Nxd7 Nxd7 12. O-O-O Qxb3 13. axb3 Nf6 14. Bf3 O-O 15. h3 Bb4 16. g4 Bg6 17. g5 Nd7 18. h4 Bxc3 19.
bxc3 b5 20. cxb5 Rac8 21. Bxc6 Nb8 22. Kb2 Nxc6 23. bxc6 Rxc6 24. d5 exd5 25. Bxa7 Rfc8 26. Bd4 Be4 27. Rhe1 Ra8 28. Ra1 Rca6 29.
Rxa6 Rxa6 30. f3 f5 31. fxe4 dxe4 32. Ra1 Rxa1 33. Kxa1 Kf7 34. Kb1 h6 35. gxh6 gxh6 36. Kc2 Ke6 37. Kd2 Kd5 38. Ke3 h5 39.
Kf4 Ke6 40. c4 1-0

[Event "MCR rapid mládeže 2023 U16"]
[Site "Harachov, Czech Republic"]
[Date "2023.09.09"]
[Round "3.22"]
[White "Belocky, Daniel"]
[Black "Sochor, Antonin"]
[Result "0-1"]
[TimeControl "20min+5s/move"]
[WhiteElo "1369"]
[BlackElo "1480"]

1. d4 Nf6 2. Nf3 g6 3. c4 Bg7 4. g3 O-O 5. Bg2 d6 6. Nc3 Nbd7 7. O-O e5 8. h3 Qe7 9. Be3 Rd8 10.
b4 c5 11. bxc5 dxc5 12. dxe5 Nxe5 13. Qb3 Nxf3+ 14. Bxf3 Bxh3 15. Rfd1 Ng4 16. Bf4 Ne5 17. Qxb7 Nxf3+ 18. Qxf3 Bf5 19.
Rac1 Qe6 20. e4 Rxd1+ 21. Rxd1 Bg4 22. Qd3 Bxd1 23. Nxd1 Qe8 24. Ne3 Rd8 25. Nd5 Rd7 26. Bh6 Rxd5 27.
Qxd5 Bxh6 28. Qxc5 Qxe4 29. Qxa7 Qxc4 30. Qb8+ Bf8 31. Qa8 Qc1+ 32. Kg2 Qa3 33. Qd5 Qa4 34. Kh2 h5 35. Kg1 h4 36.
gxh4 Qxh4 37. Qa8 Qg4+ 38. Kf1 Qh3+ 39. Kg1 Qa3 40. Qd5 Qa4 41. Kf1 Qb4 42. Qa8 Qa3 43. Qd5 Kg7 44. Qd4+ Kg8 45.
Qd5 Be7 46. Qc4 Kg7 47. Qd4+ Bf6 48. Qd5 Qb4 49. Qa8 Bd4 50. Qf3 Qb1+ 51. Kg2 Qxa2 52. Kh1 Qe6 53. Kg2 Qf6 54. Qg3 Qxf2+ 55. Kh1 Qg1+ 56. Qxg1 Bxg1 57. Kxg1 Kf6 58. Kf2 Kg5 59. Kg3 f6 60. Kf3 Kh4 61. Kf4 Kh3 62. Kf3 g5 63. Kf2 Kh2 64. Kf3 f5 65. Ke3 g4 66. Kf4 g3 67. Kg5 g2 68. Kf6 g1=Q 69. Ke5 f4 70. Ke4 f3 71. Kf4 f2 72.
Ke4 f1=R 73. Ke5 Rf2 74. Kd5 Qe1 75. Kc6 0-1

[Event "MCR rapid mládeže 2023 U16"]
[Site "Harachov, Czech Republic"]
[Date "2023.09.09"]
[Round "3.23"]
[White "Kratka, Tereza"]
[Black "Vancakova, Veronika"]
[Result "0-1"]
[TimeControl "20min+5s/move"]
[WhiteElo "1147"]
[BlackElo "1433"]

1. c4 Nf6 2. Nc3 g6 3. g3 Bg7 4. Bg2 O-O 5. Nf3 d6 6. O-O e5 7. d3 c6 8. Bg5 h6 9. Be3 Re8 10.
Qd2 Kh7 11. Rfe1 Ng4 12. b4 Nxe3 13. Qxe3 d5 14. cxd5 cxd5 15. Qc5 Be6 16. Nd2 Nd7 17. Qb5 Nb6 18. a3 a6 19. Qa5 e4 20.
Rac1 f5 21. Red1 d4 22. Na4 Nxa4 23. Qxa4 Bd5 24. Qc2 e3 25. fxe3 Bxg2 26. Kxg2 Rxe3 27. Nf3 Qe7 28. Re1 Re8 29.
Kf2 Qe6 30. Rcd1 Rc8 31. Qb2 Qd5 32. Rd2 g5 33. Rc1 Rxc1 34. Qxc1 g4 35. Nh4 Qe5 36. Ng2 f4 37. Nxf4 Bf6 38.
Qc5 Qxc5 39. bxc5 Re5 40. Rc2 Be7 41. c6 bxc6 42. Rxc6 Bxa3 43. Rxa6 Bc1 44. Ra7+ Kg8 45. Rc7 Be3+ 46. Ke1 Rb5 47. Rc8+ Kf7 48.
Rc7+ Ke8 49. Kd1 Rb1+ 50. Kc2 Rc1+ 51. Kb3 Rxc7 52. Nd5 Rc8 53. Nxe3 dxe3 54. Kb4 Rc2 55. Kb3 Rxe2 56. Kc4 Rxh2 0-1

[Event "MCR rapid mládeže 2023 U16"]
[Site "Harachov, Czech Republic"]
[Date "2023.09.09"]
[Round "3.24"]
[White "Hujova, Tess"]
[Black "Nova, Anezka"]
[Result "0-1"]
[TimeControl "20min+5s/move"]
[WhiteElo "1104"]
[BlackElo "1382"]

1. e4 e6 2. d4 d5 3. exd5 exd5 4. Bd3 Nf6 5. Be3 Bd6 6. Nf3 O-O 7.
Nc3 Bg4 8. O-O c6 9. h3 Bh5 10. Be2 Nbd7 11. Bg5 Re8 12. Re1 Qc7 13. Qd2 h6 14. Bxf6 Nxf6 15. Rad1 Re7 16. Nh4 Bxe2 17.
Rxe2 Rae8 18. Rxe7 Qxe7 19. Nf5 Qe6 20. Nxd6 Qxd6 21. f3 Qg3 22. Qf2 Nh5 23. Qxg3 Nxg3 24. Kf2 Nf5 25. Ne2 Ne3 26.
Rd2 Nc4 27. Rd3 Nxb2 28. Rb3 Nd1+ 29.
Ke1 Ne3 30. Kd2 Nc4+ 31. Ke1 b5 32. g3 Kf8 33. Kf2 a5 34. c3 Ke7 35. Nf4 g6 36. Rb1 Kd6 37. Nd3 Re3 38. Rd1 Re7 39.
Nc5 f5 40. Rd3 Nb2 41. Rd2 Nc4 42.
Rd3 g5 43. Rd1 h5 44. Rd3 b4 0-1

[Event "MCR rapid mládeže 2023 U16"]
[Site "Harachov, Czech Republic"]
[Date "2023.09.09"]
[Round "3.25"]
[White "Lackova, Lucie"]
[Black "Stepankova, Linda"]
[Result "0-1"]
[TimeControl "20min+5s/move"]
[WhiteElo "1544"]
[BlackElo "1124"]

1. e4 d5 2. exd5 Qxd5 3. Nc3 Qd6 4. Nf3 Bg4 5. Be2 c6 6. d4 e6 7. O-O Nd7 8. Be3 Ngf6 9. Qd2 Qc7 10.
h3 Bh5 11. Rad1 Bd6 12. Bg5 O-O 13. a3 h6 14. Be3 a5 15. Rb1 Bg6 16. Qd1 Bf4 17. Bxf4 Qxf4 18. Rc1 Rfe8 19. Qd2 Qxd2 20.
Nxd2 e5 21. dxe5 Nxe5 22. Nf3 Nxf3+ 23. Bxf3 Kf8 24. Rfd1 Rad8 25. Kf1 Rxd1+ 26. Nxd1 Ne4 27. Bxe4 Rxe4 28. Ne3 Re6 29. Rd1 Ke7 30.
Rd4 Rd6 31. Ra4 b6 32. Ke1 Kd7 33. Nc4 b5 34. Nb6+ Kc7 35. Na8+ Kb7 36. Rxa5 Rd8 37. Nc7 0-1

[Event "MCR rapid mládeže 2023 U16"]
[Site "Harachov, Czech Republic"]
[Date "2023.09.09"]
[Round "3.26"]
[White "Jakubse, Tamae Severina"]
[Black "Mojzisova, Barbora"]
[Result "1-0"]
[TimeControl "20min+5s/move"]
[WhiteElo "1223"]
[BlackElo "1220"]

1. e4 e5 2. Nc3 Nc6 3. Bc4 Nf6 4. d3 Bb4 5. f4 d6 6. f5 g6 7. fxg6 fxg6 8. Nf3 Bg4 9. h3 Bxf3 10.
Qxf3 Nd4 11. Qf2 Rf8 12. O-O Qe7 13. Bg5 Nxe4 14. Qxf8+ Qxf8 15. Rxf8+ Kxf8 16. Nxe4 Nxc2 17. Rf1+ Ke8 18.
Nf6+ Ke7 19. Nxh7+ Kd7 20. Rf7+ Kc6 21. Nf6 Bc5+ 22. Kh1 Nb4 23. a3 Na6 24. b4 Bd4 25. b5+ Kb6 26. bxa6 bxa6 27.
Nd5+ Kc6 28. Rxc7# 1-0

[Event "MCR rapid mládeže 2023 U16"]
[Site "Harachov, Czech Republic"]
[Date "2023.09.09"]
[Round "3.27"]
[White "Barteckova, Nikol"]
[Black "Janouskova, Eliska"]
[Result "0-1"]
[TimeControl "20min+5s/move"]
[WhiteElo "1246"]
[BlackElo "1333"]

1. e4 c5 2. c3 Nf6 3. e5 Nd5 4.
d4 cxd4 5. cxd4 e6 6. Nc3 d6 7.
Nf3 Be7 8. Be2 Nc6 9. O-O a6 10. a4 O-O 11. Re1 Nxc3 12. bxc3 dxe5 13. Nxe5 Nxe5 14. dxe5 Qc7 15. Bb2 b6 16.
Bf3 Bb7 17. Bxb7 Qxb7 18. Ba3 Bxa3 19. Rxa3 Rfd8 20. Qb1 Rac8 21. Rb3 Rc6 22. h3 h6 23. Rd1 Qc7 24. Rxd8+ Qxd8 25. c4 Qc7 26.
a5 b5 27. Rb4 Rxc4 28. Rxc4 Qxc4 29. Qa1 Qd5 30. Qc3 Qd8 31. Kh2 g6 32. f4 Kg7 33. Qb4 Qc7 34. Qa3 Qc4 35. Qg3 Qe4 36.
h4 Qf5 37. Qe3 Qc2 38. Qd4 Qc6 39. Qd8 b4 40. Qf6+ Kg8 41. Qd8+ Kh7 42. Qe7 Kg7 43. Qxb4 Qc8 44. Qe7 Kg8 45.
Qd6 Kg7 46. Qd3 Qa8 47. g4 Qb7 48. h5 Qc8 49. hxg6 fxg6 50. Kh3 Qb7 51. Kg3 Qc8 52. Qb3 Kf7 53. Qd3 Kg7 54. Kh4 Qb7 55. Kg3 Qc8 56. Qf3 Kf7 0-1

[Event "MCR rapid mládeže 2023 U16"]
[Site "Harachov, Czech Republic"]
[Date "2023.09.09"]
[Round "3.28"]
[White "Kusova, Nikola"]
[Black "Peskova, Sara"]
[Result "1-0"]
[TimeControl "20min+5s/move"]
[WhiteElo "1247"]
[BlackElo "1451"]

1. e4 e5 2. Nc3 Nc6 3. Bc4 Bc5 4. Qg4 g6 5. Qg3 Nf6 6. d3 h6 7. f4 d6 8. Nf3 Qe7 9. Na4 Be6 10.
Bxe6 Qxe6 11. Nxc5 dxc5 12. fxe5 Nh5 13. Qf2 b6 14. O-O O-O-O 15. a4 f5 16. exf6 Qxf6 17. Qe2 g5 18. Nxg5 Qg6 19.
Nf7 1-0

[Event "MCR rapid mládeže 2023 U16"]
[Site "Harachov, Czech Republic"]
[Date "2023.09.09"]
[Round "3.29"]
[White "Velim, Vojtech"]
[Black "Kozusnik, Jan"]
[Result "0-1"]
[TimeControl "20min+5s/move"]
[WhiteElo "1799"]
[BlackElo "1399"]

1. d4 d5 2. c4 dxc4 3. e3 Nf6 4. Bxc4 e6 5. Nc3 c5 6. Nf3 Nc6 7. O-O Bd6 8. h3 O-O 9. b3 cxd4 10.
exd4 e5 11. dxe5 Nxe5 12. Nxe5 Bxe5 13. Bb2 Bf5 14. Re1 Re8 15. Qf3 Qd2 16. Re2 Qg5 17. Bxf7+ Kxf7 18. Qxb7+ Bd7 19. Ne4 Qf5 20.
Bxe5 Qxe5 21. Nxf6 Qxe2 22. Nxd7 Kg8 23. Rc1 Rad8 24. Qd5+ Qe6 25. Qxe6+ Rxe6 26. Nc5 Rc6 27. b4 a5 28.
b5 Rc7 29. Nb3 Rxc1+ 30. Nxc1 Rd1+ 31. Kh2 Rxc1 32. a4 Rb1 33. Kg3 Rb4 34. Kf3 Rxa4 35. Ke3 Rb4 36. Kd3 Kf7 37.
Kc3 Rxb5 38. Kd4 0-1